Map: Tours du crépuscule

Players

Zerotool - Winner!

  • Race: Protoss Protoss
  • League: Gold
  • Spawn Location: 7:00

zidar

  • Race: Zerg Zerg
  • League: Silver
  • Spawn Location: 1:00

VOD

Have the link to the VOD?

Description

Time

  • Played on: Jan. 3, 2016, 12:02 p.m.
  • Length: 20:35
Show
View Real Time Build Order
Export as new Build Order

Zerotool Protoss - Winner!

Build Orders:  

Get SALT Encoding   

  12  0:01  Probe (Chrono Boost)  
  13  0:12  Probe (Chrono Boost)  
  14  0:23  Pylon  
  14  0:26  Probe (Chrono Boost)  
  15  0:41  Probe (Chrono Boost)  
  16  0:47  Gateway  
  16  0:51  Probe (Chrono Boost)  
  16  0:53  Assimilator  
  17  1:02  Probe (Chrono Boost)  
  18  1:13  Probe (Chrono Boost)  
  19  1:23  Probe (Chrono Boost)  
  20  1:34  Probe (Chrono Boost)  
  21  1:40  Cybernetics Core  
  21  1:45  Assimilator  
  21  1:52  Nexus  
  21  1:57  Probe (Chrono Boost)  
  22  2:07  Probe (Chrono Boost)  
  23  2:18  Pylon  
  23  2:36  Adept  
  23  2:37  Mothership Core (Chrono Boost)  
  27  2:39  Warp Gate  
  27  2:55  Probe (Chrono Boost)  
  27  2:56  Pylon  
  29  3:05  Probe (Chrono Boost)  
  29  3:06  Probe (Chrono Boost)  
  29  3:07  Adept  
  32  3:16  Probe x2 (Chrono Boost)  
  34  3:25  Robotics Facility  
  34  3:26  Probe (Chrono Boost)  
  36  3:27  Probe (Chrono Boost)  
  36  3:37  Probe x2 (Chrono Boost), Adept  
  40  3:48  Probe x2 (Chrono Boost)  
  42  3:52  Twilight Council  
  42  3:58  Probe x2 (Chrono Boost)  
  44  4:08  Adept, Probe x2 (Chrono Boost), Pylon  
  48  4:11  Warp Prism (Chrono Boost)  
  50  4:19  Assimilator  
  50  4:23  Assimilator  
  50  4:24  Pylon  
  50  4:25  Probe  
  50  4:29  Blink (Chrono Boost)  
  51  4:46  Gateway  
  51  4:47  Gateway  
  51  4:49  Gateway  
  51  4:50  Gateway  
  51  4:53  Stalker  
  51  4:59  Observer  
  53  5:05  Gateway  
  54  5:09  Probe  
  55  5:17  Probe  
  55  5:18  Stalker  
  58  5:45  Probe x2  
  60  5:57  Observer  
  60  6:01  Probe x2  
  63  6:15  Nexus  
  63  6:17  Assimilator  
  63  6:22  Assimilator  
  63  6:25  Stalker x2  
  63  6:26  Stalker  
  69  6:41  Probe  
  69  6:42  Immortal, Robotics Bay  
  69  6:46  Pylon x2  
  70  6:48  Pylon  
  70  6:53  Stalker x2  
  70  6:54  Stalker  
  70  7:13  Robotics Bay, Stalker  
  70  7:14  Stalker x2  
  76  7:19  Immortal  
  76  7:22  Stalker x3  
  82  7:25  Probe  
  82  7:26  Probe  
  82  7:27  Probe  
  89  7:32  Pylon  
  89  7:36  Probe  
  89  7:37  Pylon  
  89  7:39  Probe, Stalker x3  
  97  7:53  Colossus  
  97  7:58  Stalker x3  
  99  8:04  Extended Thermal Lance  
  109  8:05  Probe  
  109  8:07  Probe x2  
  109  8:11  Stalker x3  
  118  8:16  Pylon  
  118  8:19  Pylon  
  118  8:24  Stalker x2  
  118  8:25  Stalker  
  124  8:37  Stalker, Pylon  
  124  8:38  Stalker  
  124  8:39  Pylon  
  128  8:41  Probe  
  128  8:43  Probe x2  
  128  8:45  Colossus  
  137  9:00  Probe  
  137  9:02  Probe  
  139  9:04  Forge x2  
  139  9:06  Probe  
  140  9:11  Probe  
  140  9:14  Probe  
  142  9:17  Stalker x2  
  142  9:18  Probe  
  142  9:21  Probe  
  148  9:31  Stalker  
  148  9:32  Stalker x3  
  156  9:39  Protoss Ground Armor Level 1 (Chrono Boost)  
  156  9:47  Protoss Ground Weapons Level 1 (Chrono Boost)  
  156  9:51  Pylon  
  156  9:53  Pylon  
  156  9:56  Probe, Pylon  
  157  10:01  Colossus  
  157  10:07  Probe  
  164  10:21  Stalker x4  
  166  10:22  Stalker  
  173  10:29  Nexus  
  173  10:49  Stalker x2  
  177  10:50  Stalker x2  
  181  11:00  Pylon  
  181  11:01  Pylon  
  181  11:02  Pylon x2  
  181  11:22  Stargate  
  181  11:23  Stargate  
  181  11:26  Assimilator  
  181  11:30  Assimilator  
  144  12:14  Stalker x4  
  144  12:15  Stalker x2  
  134  12:20  Void Ray  
  134  12:21  Void Ray  
  80  12:48  Adept x4  
  80  12:49  Adept x2  
  86  12:58  Protoss Ground Weapons Level 2 (Chrono Boost), Protoss Ground Armor Level 2 (Chrono Boost)  
  86  13:02  Fleet Beacon  
  86  13:05  Gateway  
  86  13:06  Gateway  
  86  13:09  Gateway, Adept  
  86  13:10  Adept x5, Gateway  
  98  13:14  Observer  
  98  13:16  Mothership Core  
  98  13:18  Mothership  
  101  13:23  Void Ray  
  101  13:24  Void Ray  
  109  13:28  Protoss Air Weapons Level 1  
  115  14:03  Adept  
  115  14:04  Adept x5  
  115  14:05  Adept x2  
  131  14:10  Tempest x2  
  131  14:11  Nexus  
  139  14:18  Pylon  
  139  14:19  Pylon  
  139  14:21  Pylon  
  139  14:30  Dark Shrine  
  139  14:32  Stalker x4  
  139  14:33  Stalker x3  
  139  14:34  Stalker x2  
  139  14:35  Stalker  
  139  14:37  Observer  
  160  14:59  Observer  
  160  15:00  Protoss Ground Weapons Level 3 (Chrono Boost), Protoss Ground Armor Level 3 (Chrono Boost)  
  161  15:27  Photon Cannon  
  161  15:28  Photon Cannon  
  161  15:29  Photon Cannon  
  161  15:33  Tempest x2  
  169  15:40  Protoss Air Weapons Level 2  
  169  15:44  Dark Templar x3  
  169  15:45  Dark Templar x2  
  169  15:49  Archon x2  
  179  15:58  Assimilator  
  179  16:02  Assimilator  
  179  16:09  Dark Templar x3  
  185  16:15  Archon  
  185  16:16  Archon  
  185  16:23  Tempest  
  185  16:46  Tempest  
  189  16:57  Warp Prism  
  189  17:05  Tempest  
  189  17:07  Charge  
  195  17:29  Phoenix  
  197  17:42  Dark Templar  
  197  17:43  Photon Cannon  
  199  17:45  Photon Cannon  
  199  17:48  Photon Cannon  
  190  18:30  Zealot x5  
  200  18:47  Resonating Glaives  
  128  20:05  Dark Templar x3  
  128  20:06  Dark Templar x4  
  128  20:07  Dark Templar x3  
Show
View Real Time Build Order
Export as new Build Order

zidar Zerg 

Build Orders: Hatch First, Lurkers 

Get SALT Encoding   

  12  0:02  Drone  
  13  0:12  Overlord  
  13  0:19  Drone  
  14  0:30  Drone x2  
  14  0:34  Drone  
  17  0:58  Hatchery  
  17  0:59  Drone  
  17  1:02  Drone  
  18  1:17  Spawning Pool  
  17  1:31  Drone x3  
  20  1:41  Extractor  
  19  1:52  Hatchery  
  19  1:53  Drone  
  18  1:59  Overlord  
  18  2:05  Drone  
  19  2:19  Queen  
  21  2:29  Queen  
  21  2:33  Drone  
  24  2:38  Drone  
  25  2:54  Drone x5  
  30  3:13  Roach Warren  
  30  3:14  Metabolic Boost  
  29  3:20  Extractor  
  29  3:21  Drone x4  
  32  3:28  Queen  
  34  3:35  Queen  
  36  4:04  Lair  
  36  4:07  Drone x6  
  42  4:34  Evolution Chamber  
  42  4:35  Evolution Chamber  
  42  4:37  Drone x2  
  42  4:40  Overlord x3  
  42  4:42  Overlord  
  42  4:58  Extractor  
  42  4:59  Extractor  
  40  5:05  Overlord  
  40  5:08  Roach x3  
  40  5:09  Roach x8  
  62  5:21  Zerg Ground Armor Level 1  
  62  5:22  Zerg Missile Weapons Level 1  
  53  5:47  Drone x6  
  59  5:54  Roach x4  
  67  6:09  Ravager x2  
  67  6:10  Ravager x2  
  72  6:11  Ravager  
  72  6:29  Drone x2  
  72  6:32  Overlord x3  
  74  6:33  Overlord  
  74  6:57  Drone x5  
  74  6:59  Drone x4  
  74  7:00  Drone  
  84  7:05  Overlord  
  84  7:24  Zerg Melee Weapons Level 1  
  84  7:25  Zerg Ground Armor Level 2  
  84  7:33  Hydralisk Den  
  83  7:39  Drone x4  
  83  7:40  Drone, Infestation Pit  
  85  8:20  Hydralisk x9  
  85  8:21  Hydralisk x4  
  113  8:41  Roach  
  113  8:44  Overlord x2  
  113  8:45  Overlord x2  
  113  8:49  Lurker Den  
  113  8:54  Hive  
  113  8:59  Glial Reconstitution  
  113  9:19  Hydralisk  
  113  9:20  Hydralisk x5  
  125  9:26  Zergling x20  
  135  9:31  Zerg Melee Weapons Level 2  
  135  9:51  Overseer  
  135  9:52  Overseer  
  135  9:59  Hatchery  
  134  10:13  Zerg Ground Armor Level 3  
  134  10:25  Extractor, Drone x4  
  134  10:26  Drone x2  
  134  10:27  Extractor  
  137  11:04  Lurker  
  137  11:05  Lurker x3  
  137  11:06  Lurker  
  137  11:09  Roach  
  144  11:11  Overlord  
  144  11:12  Overlord x3  
  144  11:13  Overlord  
  144  11:14  Overlord  
  84  12:10  Zergling x34  
  84  12:11  Zergling x30  
  102  12:27  Ultralisk Cavern  
  86  13:10  Roach x12  
  110  13:42  Hydralisk  
  110  13:43  Hydralisk x7  
  110  13:48  Zerg Melee Weapons Level 3  
  126  13:52  Overseer  
  126  14:10  Roach  
  126  14:11  Roach x7  
  126  14:16  Chitinous Plating  
  142  14:36  Lurker  
  142  14:37  Lurker x2  
  145  14:40  Extractor  
  145  14:43  Extractor  
  143  14:55  Queen  
  145  15:17  Ultralisk x4  
  145  15:18  Ultralisk  
  175  15:44  Hatchery  
  175  15:46  Ultralisk x2  
  175  15:47  Ultralisk  
  175  15:49  Zergling x14  
  190  16:51  Hydralisk  
  190  16:52  Hydralisk x3  
  198  17:01  Zerg Missile Weapons Level 2  
  189  18:12  Hydralisk x2  
  189  18:13  Hydralisk x3  
  199  18:40  Extractor  
  198  18:47  Extractor  
  197  19:22  Overlord x5  
  197  19:23  Overlord x2  
Tags
 
Composition
Lurkers
Matchup
PvZ
Spawn Locations
Cross Positions
Add a new tag
Caveats
  • Supply blocks, unpowered buildings, or Contaminate may cause inaccurate times.
  • Supply counts are checked every 10 seconds.